 Dungeon Crawl Stone Soup version 0.24.0-123-gd5b16e6ec5 (webtiles) character file.

Game seed: 12206183438848590391, levelgen mode: deterministic

340 Norian the Conjurer (level 6, 0/48 HPs)
             Began as a Deep Elf Conjurer on Dec 18, 2019.
             Slain by an orc (2 damage)
             ... on level 4 of the Dungeon.
             The game lasted 00:08:24 (2620 turns).

Norian the Conjurer (Deep Elf Conjurer)             Turns: 2620, Time: 00:08:24

Health: 0/48       AC: 23    Str: 10 (12) XL:     6   Next: 30%
Magic:  3/17       EV:  2    Int: 18 (20) God:
Gold:   198        SH:  0    Dex: 13 (15) Spells: 7/18 levels left

rFire    . . .     SeeInvis .   l - +0 short sword
rCold    . . .     Gourm    .   (no shield)
rNeg     + + +     Faith    .   (armour currently unavailable)
rPois    +         Spirit   .   (helmet currently unavailable)
rElec    .         Reflect  .   (cloak currently unavailable)
rCorr    .         Harm     .   (gloves currently unavailable)
MR       .....     NoTele   +   (boots currently unavailable)
Stlth    ++........             (no amulet)
HPRegen  0.16/turn              (no ring)
MPRegen  0.15/turn              (no ring)

@: mighty, tree-form, very slightly contaminated
A: no striking features
a: no special abilities


You were on level 4 of the Dungeon.
You were not hungry.
You were a tree.
You visited 1 branch of the dungeon, and saw 4 of its levels.

You collected 198 gold pieces.

Inventory:

Hand Weapons
 l - a +0 short sword (weapon)
Armour
 b - a +0 pair of boots (melded)
 m - a +0 robe (melded)
 n - a +0 cloak (melded)
 q - a +0 pair of gloves
Jewellery
 a - a cursed ring of attention {unknown}
Wands
 s - a wand of paralysis (5)
Scrolls
 e - a scroll of enchant armour {unknown}
 f - 4 scrolls of remove curse {unknown}
 g - 5 scrolls of identify {unknown}
 h - a scroll of blinking {unknown}
 o - 2 scrolls of teleportation {unknown}
 r - a scroll of magic mapping {unknown}
Comestibles
 c - 4 rations


   Skills:
 - Level 2.4 Dodging
 - Level 2.4 Stealth
 + Level 6.6 Spellcasting
 + Level 6.7 Conjurations


You had 7 spell levels left.
You knew the following spells:

 Your Spells              Type           Power        Failure   Level  Hunger
a - Magic Dart            Conj           ####         1%          1    None
b - Searing Ray           Conj           ####..       1%          2    None
c - Iskenderun's Mystic   Conj           ####....     7%          4    ####...
d - Fulminant Prism       Conj/Hex       ###.......   28%         4    ####...

Your spell library contained the following spells:

 Spells                   Type           Power        Failure   Level  Hunger
 Dazzling Spray           Conj/Hex       ###...       9%          3    ##.....
 Confusing Touch          Hex            #.....       11%         1    None
 Force Lance              Conj/Tloc      ###.....     28%         4    ####...
 Confuse                  Hex            #.......     32%         3    ##.....
 Gell's Gravitas          Tloc           #.........   32%         3    ##.....
 Petrify                  Tmut/Erth      #.......     73%         4    ####...
 Metabolic Englaciation   Hex/Ice        #.........   97%         5    #####..
 Yara's Violent Unravell  Hex/Tmut       #.........   97%         5    #####..


Dungeon Overview and Level Annotations

Branches:
Dungeon (4/15)
 Temple: D:4-7

Altars:
Dithmenos
Fedhas
Gozag
Okawaru


Message History

Unknown command.
You hit the orc priest.
The orc priest is lightly wounded.
The orc priest hits you but does no damage.
The orc hits you but does no damage. Something hits you but does no damage.
The orc priest hits you but does no damage.
You closely miss the orc priest.
The orc priest is lightly wounded.
The orc priest hits you but does no damage.
The orc hits you but does no damage. Something hits you but does no damage.
The orc priest hits you but does no damage.
You hit the orc priest.
The orc priest is heavily wounded.
The orc priest hits you but does no damage.
The orc hits you but does no damage. Something hits you but does no damage.
The orc priest hits you but does no damage. x2
You closely miss the orc priest.
The orc priest is heavily wounded.
The orc hits you.
You die...

###############
.......!.#....# ..#
.........#....# ...(#
.........#....#..[..#
........##....##....#
#..<##....##....#
##...##.o........#
#.......{♣.......#
#.......oo.......#
#................#
##...#####+##....#
#...##....##....#
.....#......#....#
... #......'....# ..?
#.....##...##
#.....##...##


You could see 2 orc priests and an orc.

Vanquished Creatures
  2 phantoms
  Jessica (D:2)
  7 adders
  A worm (D:2)
  A dart slug (D:1)
  A leopard gecko (D:2)
  6 orcs (D:3)
  8 bats
  3 giant cockroaches
  4 hobgoblins
  5 quokkas
  2 ball pythons
  9 frilled lizards
  7 goblins
  8 kobolds
  6 rats
71 creatures vanquished.

Notes
Turn   | Place    | Note
-------+----------+-------------------------------------------
     0 | D:1      | Norian the Deep Elf Conjurer began the quest for the Orb.
     0 | D:1      | Reached XP level 1. HP: 10/10 MP: 6/6
   308 | D:1      | Reached XP level 2. HP: 15/15 MP: 4/8
   739 | D:1      | Learned a level 2 spell: Searing Ray
   782 | D:2      | Found a shadowy altar of Dithmenos.
   793 | D:2      | Found a blossoming altar of Fedhas.
   858 | D:2      | Reached skill level 5 in Conjurations
   858 | D:2      | Reached XP level 3. HP: 18/19 MP: 2/10
  1230 | D:2      | Reached XP level 4. HP: 24/24 MP: 5/12
  1457 | D:2      | Noticed Jessica
  1468 | D:2      | Killed Jessica
  1468 | D:2      | Reached skill level 5 in Spellcasting
  1684 | D:3      | Found a faded altar of an unknown god.
  1691 | D:3      | Learned a level 4 spell: Iskenderun's Mystic Blast
  1696 | D:3      | Learned a level 4 spell: Fulminant Prism
  2023 | D:3      | Found an opulent altar of Gozag.
  2027 | D:3      | Noticed a phantom
  2033 | D:3      | Killed a phantom
  2033 | D:3      | Reached XP level 5. HP: 26/28 MP: 3/15
  2431 | D:4      | Found an iron altar of Okawaru.
  2493 | D:4      | Noticed a phantom
  2515 | D:4      | Killed a phantom
  2515 | D:4      | Reached XP level 6. HP: 26/32 MP: 0/17
  2615 | D:4      | HP: 1/48 [orc priest/divine providence (11)]
  2620 | D:4      | Slain by an orc

Levels and vault maps discovered:
D:1:      dpeg_arrival_leaves_temple_mockup, layout_basic
D:2:      layout_loops_corners, amethyst_overflow_temple_binary,
          minmay_misc_feat_ornament, uniq_jessica
D:3:      layout_basic, nicolae_overflow_crystal_walls,
          chequers_ecumenical_altar_simple, first_ration
D:4:      layout_gridville, lemuel_doored_altar, biasface_ghost_orc_armoury

Skill      XL: |  1  2  3  4 |
---------------+-------------+-----
Spellcasting   | 4 6 |  6.6
Conjurations   | 5 6 |  6.7
Dodging        | |  2.4
Stealth        | |  2.4

Action                   |  1- 3 |  4- 6 || total
-------------------------+-------+-------++-------
Melee: Short sword       |       |     7 ||     7
 Cast: Magic Dart        |    70 |    66 ||   136
       Searing Ray       |       |     2 ||     2
       Iskenderun's Myst |       |     3 ||     3
  Use: Potion            |       |     5 ||     5
  Eat: Chunk             |     1 |     3 ||     4
       Ration            |       |     1 ||     1
Armor: Robe              |     2 |     3 ||     5
       Skin              |       |    25 ||    25
Dodge: Dodged            |     6 |    17 ||    23
